 Dungeon Crawl Stone Soup version 0.22-a0-443-g17c3723 (webtiles) character file.

154 tilp the Chiller (level 5, -4/54 HPs)
             Began as a Merfolk Ice Elementalist on June 1, 2018.
             Slain by a gnoll
             ... wielding a +0 halberd
              (6 damage)
             ... on level 3 of the Dungeon.
             The game lasted 00:08:50 (3561 turns).

tilp the Chiller (Merfolk Ice Elementalist)         Turns: 3561, Time: 00:08:53

Health: -4/54      AC: 22    Str:  8    XL:     5   Next: 35%
Magic:  8/8        EV:  2    Int: 16    God:
Gold:   132        SH:  0    Dex: 14    Spells: 2/8 levels left

rFire    . . .     SeeInvis .   i - -2 dagger (curse)
rCold    . . .     Gourm    .   (no shield)
rNeg     + + +     Faith    .   (armour currently unavailable)
rPois    +         Spirit   .   (helmet currently unavailable)
rElec    .         Reflect  .   (cloak currently unavailable)
rCorr    .         Harm     .   (gloves currently unavailable)
MR       .....     NoTele   +   (boots currently unavailable)
Stlth    ++........             (no amulet)
HPRegen  0.18/turn              (no ring)
MPRegen  0.11/turn              (no ring)

@: tree-form
A: (change form in water), (swift swim), (stealthy swim), rugged brown scales 1,
evolution 1, MP-powered wands
a: no special abilities


You were on level 3 of the Dungeon.
You were not hungry.
You were a tree.
You visited 1 branch of the dungeon, and saw 3 of its levels.

You collected 132 gold pieces.

Inventory:

Hand Weapons
 a - a +0 short sword
 b - a +0 hunting sling
 f - a +0 mace
 i - a cursed -2 dagger (weapon)
 n - a +1 spear
Missiles
 d - 87 stones (quivered)
Armour
 e - a cursed +0 ring mail
 g - a +1 robe (melded)
 p - a +0 buckler
Jewellery
 q - a +5 ring of protection {unknown}
Scrolls
 r - a scroll of remove curse {unknown}
Potions
 l - a potion of flight
 m - 2 potions of lignification
Comestibles
 c - 4 rations
 o - 4 chunks of flesh


   Skills:
 - Level 2.6 Dodging
 - Level 2.1 Stealth
 - Level 2.0 Spellcasting
 - Level 0.7 Conjurations
 + Level 6.4 Ice Magic


You had 2 spell levels left.
You knew the following spells:

 Your Spells              Type           Power        Failure   Level  Hunger
a - Freeze                Ice            ###.         1%          1    #......
b - Throw Frost           Conj/Ice       ##....       7%          2    ###....
c - Ozocubu's Armour      Chrm/Ice       ##......     17%         3    ###....

Your spell library contained the following spells:

 Spells                   Type           Power        Failure   Level  Hunger
 Summon Ice Beast         Ice/Summ       ##......     50%         4    #####..
 Throw Icicle             Conj/Ice       ##......     43%         4    #####..


Dungeon Overview and Level Annotations

Branches:
Dungeon (3/15)

Altars:
Gozag
Zin


Innate Abilities, Weirdness & Mutations

((You revert to your normal form in water.))
((You are very nimble and swift while swimming.))
((You are very stealthy in the water. (Stealth+)))
((You have a pair of small horns on your head.))
(You are partially covered in rugged brown scales. (AC +1, +3% HP))
You evolve.
You expend magic power (3 MP) to strengthen your wands.


Message History

You freeze the adder.
You kill the adder!
As you read the scroll labeled CAHUER ZAUNK, it crumbles to dust.
You feel strangely unstable.
It was a scroll of teleportation.
It was a potion of lignification.
You turn into a tree.
Your +1 robe melds into your body.
Your roots penetrate the ground.
You feel strangely stable. The gnoll hits you but does no damage.
The gnoll hits you from afar with a halberd.
* * * LOW HITPOINT WARNING * * *
It was a potion of magic.
Magic courses through your body. The gnoll hits you but does no damage.
The gnoll hits you from afar with a halberd.
* * * LOW HITPOINT WARNING * * *
You feel extremely strange. A pair of horns grows on your head!
Rugged brown scales grow over part of your body.
You feel nature experimenting on you.
Don't worry, failures die fast.
You feel your magical essence link to your wands.
The gnoll hits you from afar with a halberd.
You die...

#....W.###g########.###...#
#.##.#.# #.### #.##..#.#
#.#....# #>..# #....)..#
#.#....# ###.### #.#..#..#
#.#....# #.....# # #.#_#.#
#.##.#.# #.....# #..#..#
#......# #.ggg.# #.....#
####.### #..g..# #####.#
#.## #..♣..# # #..# #..#
######## #.####.## ##.#
#.....# #.#....# #.#
#.###.# #.....##
#)#####.###.# ###...#
#.#.......#.# ##.##
#.#.###.#.#.# #.# #.#.#
#.#.#.######.# #...#
#........)...#


You could see 4 gnolls.

Vanquished Creatures
  4 gnolls
  3 adders
  An ooze (D:2)
  5 worms
  A dart slug (D:1)
  A leopard gecko (D:3)
  2 orcs (D:3)
  A ball python (D:2)
  A giant cockroach (D:2)
  4 goblins
  12 hobgoblins
  6 jackals
  4 kobolds
  2 quokkas (D:2)
  6 bats
  5 frilled lizards
  8 rats
66 creatures vanquished.

Notes
Turn   | Place    | Note
-------+----------+-------------------------------------------
     0 | D:1      | tilp the Merfolk Ice Elementalist began the quest for the Orb.
     0 | D:1      | Reached XP level 1. HP: 13/13 MP: 3/3
   276 | D:1      | Reached XP level 2. HP: 19/19 MP: 1/5
   329 | D:1      | Reached skill level 4 in Ice Magic
   510 | D:1      | Learned a level 2 spell: Throw Frost
   825 | D:1      | Reached XP level 3. HP: 24/24 MP: 0/6
   830 | D:1      | Learned a level 3 spell: Ozocubu's Armour
  1230 | D:2      | Reached skill level 5 in Ice Magic
  1401 | D:2      | Reached XP level 4. HP: 30/30 MP: 1/7
  1722 | D:2      | Found a glowing silver altar of Zin.
  2364 | D:2      | Found an opulent altar of Gozag.
  2595 | D:2      | Reached skill level 6 in Ice Magic
  2672 | D:2      | Reached XP level 5. HP: 35/35 MP: 1/8
  3360 | D:3      | Found a faded altar of an unknown god.
  3545 | D:3      | Noticed a phantom
  3560 | D:3      | HP: 2/52 [gnoll/halberd (1)]
  3561 | D:3      | Gained mutation: You have a pair of small horns on your head. [potion of mutation]
  3561 | D:3      | Gained mutation: You are partially covered in rugged brown scales. (AC +1, +3% HP) [potion of mutation]
  3561 | D:3      | Gained mutation: You evolve. [potion of mutation]
  3561 | D:3      | Gained mutation: You expend magic power (3 MP) to strengthen your wands. [potion of mutation]
  3561 | D:3      | Slain by a gnoll

Vault maps used:
D:1:      dpeg_arrival_chase
D:2:      zin_treasury, first_ration, grunt_ministairs_1,
          grunt_gozag_breadcrumbs
D:3:      chequers_ecumenical_altar_simple

Skill      XL: |  1  2  3  4 |
---------------+-------------+-----
Ice Magic      | 4 5 6 |  6.4
Dodging        | |  2.6
Stealth        | |  2.1
Spellcasting   | |  2.0
Conjurations   | |  0.7

Action                   |  1- 3 |  4- 6 || total
-------------------------+-------+-------++-------
Melee: Dagger            |    11 |    46 ||    57
 Fire: Hunting sling     |    14 |       ||    14
Throw: Stone             |     4 |    11 ||    15
 Cast: Freeze            |    37 |    71 ||   108
       Ozocubu's Armour  |     3 |     7 ||    10
       Throw Frost       |       |     1 ||     1
  Use: Scroll            |       |     6 ||     6
       Potion            |       |     3 ||     3
 Stab: Sleeping          |     4 |     6 ||    10
  Eat: Chunk             |     3 |     9 ||    12
Armor: Robe              |     4 |    14 ||    18
       Skin              |       |     2 ||     2
Dodge: Dodged            |    26 |    62 ||    88

Table legend:
 A = Spawn XP
 B = Non-spawn XP
 C = Spawn XP percentage of total XP
 D = Spawn monster count
 E = Non-spawn monster count
 F = Spawn count percentage of total count
 G = Total turns spent on level
                    A         B        C        D         E        F      G
               +---------+---------+-------+---------+---------+-------+---------
         Total |       0 |     220 |   0.0 |       0 |      66 |   0.0 |  3561
               +---------+---------+-------+---------+---------+-------+---------
           D:1 |       0 |      39 |   0.0 |       0 |      15 |   0.0 |   977
           D:2 |       0 |     140 |   0.0 |       0 |      37 |   0.0 |  2023
           D:3 |       0 |      41 |   0.0 |       0 |      14 |   0.0 |   561
               +---------+---------+-------+---------+---------+-------+---------
